 Dungeon Crawl Stone Soup version 0.21.0-3-g78d12a8 (webtiles) character file.

213 tidbits the Sneak (level 5, 21/21 HPs)
             Began as a Felid Enchanter on Jan 11, 2018.
             Was an Initiate of Cheibriados.
             Quit the game on level 5 of the Dungeon.
             The game lasted 00:19:53 (2133 turns).

tidbits the Sneak (Felid Enchanter)                 Turns: 2133, Time: 00:19:53

Health: 21/21      AC:  2    Str:  7    XL:     5   Next: 59%
Magic:  19/19      EV: 18    Int: 17    God:    Cheibriados [......]
Gold:   178        SH:  4    Dex: 18    Spells: 3/10 levels left
                                        Lives:  0   Deaths: 1

rFire    . . .     SeeInvis +     - Unarmed
rCold    . . .     Gourm    .   (shield unavailable)
rNeg     . . .     Faith    .   (armour unavailable)
rPois    +         Spirit   .   (helmet unavailable)
rElec    .         Reflect  +   (cloak unavailable)
rCorr    .         Harm     .   (gloves unavailable)
MR       .....                  (boots unavailable)
Stlth    ++++......             j - +4 amulet of reflection
HPRegen  0.07/turn              P - ring of poison resistance
MPRegen  0.16/turn              s - ring of magical power

@: no status effects
A: very small, no armour, no weapons or thrown items, stealth, claws 1, fangs 3,
see invisible, carnivore, speed 1, shaggy fur 2, slow metabolism 1, sharp paws
a: Bend Time, Renounce Religion


You were on level 5 of the Dungeon.
You worshipped Cheibriados.
Cheibriados was noncommittal.
You were not hungry.

You visited 1 branch of the dungeon, and saw 6 of its levels.

You collected 178 gold pieces.

Inventory:

Missiles
 i - 26 arrows
Jewellery
 j - a +4 amulet of reflection (around neck)
   (You found it on level 3 of the Dungeon)
 k - an uncursed ring of positive energy
   (You found it on level 4 of the Dungeon)
 n - the ring "Gamel" {rC+ SInv}
   (You found it on level 4 of the Dungeon)

   [ring of protection from cold]

   It protects you from cold.
   It lets you see invisible.
 s - a ring of magical power (right paw)
   (You found it on level 5 of the Dungeon)
 P - a ring of poison resistance (left paw)
   (You found it on level 1 of the Dungeon)
Wands
 p - a wand of flame (3)
Scrolls
 c - 2 scrolls of remove curse
 d - a scroll of enchant weapon
 e - a scroll of random uselessness
 f - 2 scrolls of teleportation
 o - a scroll of amnesia
 r - a scroll of magic mapping {unknown}
Potions
 g - 2 potions of brilliance
 l - a potion of agility
 q - a potion of ambrosia {unknown}
Books
 a - a book of Maledictions

   Spells                             Type                      Level
   a - Corona                         Hexes                        1
   b - Ensorcelled Hibernation        Hexes/Ice                    2
   c - Confuse                        Hexes                        3
   d - Tukima's Dance                 Hexes                        3
   e - Dazzling Spray                 Conjuration/Hexes            3
 m - a book of Misfortune
   (You found it on level 4 of the Dungeon)

   Spells                             Type                      Level
   a - Confusing Touch                Hexes                        1
   b - Confuse                        Hexes                        3
   c - Gell's Gravitas                Translocation                3
   d - Petrify                        Transmutation/Earth          4
   e - Metabolic Englaciation         Hexes/Ice                    5
   f - Yara's Violent Unravelling     Hexes/Transmutation          5
Comestibles
 b - 11 rations


   Skills:
 - Level 2.6 Dodging
 + Level 6.2 Stealth
 * Level 4.4 Unarmed Combat
 + Level 3.0 Spellcasting
 + Level 6.1 Hexes


You had 3 spell levels left.
You knew the following spells:

 Your Spells              Type           Power        Failure   Level  Hunger
a - Corona                Hex            ###....      1%          1    None
c - Confuse               Hex            ###.....     4%          3    ###....
e - Ensorcelled Hibernat  Hex/Ice        ##....       8%          2    ##.....
t - Confusing Touch       Hex            ###...       1%          1    None


Dungeon Overview and Level Annotations

Branches:
Dungeon (6/15)
 Temple: D:4-7

Altars:
Cheibriados
Fedhas
Gozag
Nemelex Xobeh
Qazlal
Ru
Wu Jian
Yredelemnul


Innate Abilities, Weirdness & Mutations

You cannot wear armour.
You are incapable of wielding weapons or throwing items.
Your paws allow you to move quietly. (Stealth)
You have sharp claws.
You have razor-sharp teeth.
You have supernaturally acute eyesight. (SInv)
You are carnivorous and can eat meat at any time.
You cover ground quickly.
You are covered in thick fur. (AC +2)
You have a slow metabolism.
Your sharp claws are effective at attacking unaware monsters.


Message History

The sky beast flickers out of sight for a moment.
Found a glowing helmet.
Found a falchion.
Found a snail-covered altar of Cheibriados.
Found a notched coral ring.
You found a teleport trap!
You see here a notched coral ring.
s - a notched coral ring Put on which piece of jewellery? (? for menu, Esc to quit)
You're wearing all the rings you can.
Remove which one? (? for menu, Esc to cancel) < or
P - a ring of poison resistance; > or
n - the ring "Gamel" {rC+ SInv} You remove the ring "Gamel" {rC+ SInv}.
You feel your magic capacity increase.
s - a ring of magical power (right paw)
Casting: Ensorcelled Hibernation
Confirm with . or Enter, or press ? or * to list all spells.
Aiming: Ensorcelled Hibernation
Press: ? - help, Shift-Dir - straight line, f/p - sky beast
Aim: a sky beast (slightly transparent, chance to defeat MR: 43%)
The sky beast resists with some effort.
Casting: Ensorcelled Hibernation
Confirm with . or Enter, or press ? or * to list all spells.
Aiming: Ensorcelled Hibernation
Press: ? - help, Shift-Dir - straight line, f/p - sky beast
Aim: a sky beast (chance to defeat MR: 43%)
The sky beast resists with some effort.
The sky beast flickers out of sight for a moment.
Found a leather armour.
The sky beast flickers out of sight for a moment.
There is a snail-covered altar of Cheibriados here.
You sit before the altar of Cheibriados.
Cheibriados welcomes you!
Cheibriados begins to support your attributes as your movement slows.
You can now bend time to slow others.
Really walk into that teleport trap?
You enter a teleport trap!
The teleport trap disappears.
Your surroundings seem slightly different. 2 gnolls come into view.
Casting: Ensorcelled Hibernation
Confirm with . or Enter, or press ? or * to list all spells.
Aiming: Ensorcelled Hibernation
Press: ? - help, Shift-Dir - straight line, f/p - sky beast
Aim: a sky beast (chance to defeat MR: 44%)
The sky beast resists with some effort.
Casting: Ensorcelled Hibernation
Confirm with . or Enter, or press ? or * to list all spells.
Aiming: Ensorcelled Hibernation
Press: ? - help, Shift-Dir - straight line, f/p - sky beast
Aim: a sky beast (chance to defeat MR: 44%)
The sky beast resists with some effort.
The sky beast completely misses you.
Casting: Ensorcelled Hibernation
Confirm with . or Enter, or press ? or * to list all spells.
You don't have enough magic to cast that spell.
Casting: Ensorcelled Hibernation
Confirm with . or Enter, or press ? or * to list all spells.
Aiming: Corona
Press: ? - help, Shift-Dir - straight line, f/p - sky beast
Aim: a sky beast (chance to defeat MR: 62%)
The sky beast is outlined in light.
The sky beast closely misses you.
You scratch the sky beast.
The sky beast is lightly wounded.
The sky beast hits you.
* * * LOW HITPOINT WARNING * * *
The sky beast shocks you.
* * * LOW HITPOINT WARNING * * *
It was a potion of curing.
You feel better.
The sky beast hits you but does no damage.
The sky beast stops glowing.
Casting: Corona
Confirm with . or Enter, or press ? or * to list all spells.
Aiming: Ensorcelled Hibernation
Press: ? - help, Shift-Dir - straight line, f/p - sky beast
Aim: a sky beast (lightly wounded, chance to defeat MR: 44%)
The sky beast resists with some effort.
The sky beast closely misses you.
Okay, then.
The sky beast flickers out of sight for a moment.
The sky beast hits you.
* * * LOW HITPOINT WARNING * * *
The sky beast shocks you.
* * * LOW HITPOINT WARNING * * *
Evoke which item? (* to show all) (? for menu, Esc to quit)
Aiming: Throw Flame
Press: ? - help, Shift-Dir - straight line, f/p - sky beast
Aim: a sky beast (rain, lightly wounded)
The puff of flame hits the sky beast.
The sky beast is moderately wounded.
The sky beast misses you.
Casting: Ensorcelled Hibernation
Confirm with . or Enter, or press ? or * to list all spells.
Aiming: Ensorcelled Hibernation
Press: ? - help, Shift-Dir - straight line, f/p - sky beast
Aim: a sky beast (moderately wounded, chance to defeat MR: 44%)
The sky beast resists with some effort.
The sky beast hits you.
* * * LOW HITPOINT WARNING * * *
The sky beast shocks you.
You die...
You are now level 5!
You rejoin the land of the living...
Are you sure you want to abandon this character and quit the game? (Confirm with "yes".)

#.####.#### #.#
#.........# ##†#
###.......# ##.Y#
#.......### #..##
#.........## ###.### #
#.).....#..# #.....###..
#.......##.# #.........#
#.......##.###......####
#......@##......≈..##
##############.>...###
#.......### #######...#
###.. ##. ##


There were no monsters in sight!

Vanquished Creatures
  Menkaure (D:6)
  A jelly (D:5)
  2 orc priests (D:3)
  A hound (D:5)
  An iguana (D:4)
  A hound zombie (D:5)
  A howler monkey zombie (D:5)
  4 adders
  3 shadow imps (D:3)
  An adder skeleton (D:4)
  A worm (D:3)
  A dart slug (D:2)
  A leopard gecko (D:1)
  5 orcs
  8 bats
  7 giant cockroaches
  7 hobgoblins
  4 quokkas
  7 frilled lizards
  10 goblins
  6 kobolds
  5 rats (D:1)
78 creatures vanquished.

Notes
Turn   | Place    | Note
-------+----------+-------------------------------------------
     0 | D:1      | tidbits the Felid Enchanter began the quest for the Orb.
     0 | D:1      | Reached XP level 1. HP: 7/7 MP: 4/4
   167 | D:1      | Reached XP level 2. HP: 7/11 MP: 4/6
   171 | D:1      | Learned a level 2 spell: Ensorcelled Hibernation
   182 | D:1      | HP: 1/11 [kobold/short sword (6)]
   411 | D:1      | Reached skill level 2 in Unarmed Combat
   481 | D:2      | Reached XP level 3. HP: 8/14 MP: 2/7
   517 | D:2      | Found a sparkling altar of Nemelex Xobeh.
   742 | D:2      | Found a blossoming altar of Fedhas.
   781 | D:2      | Found an ornate altar of the Wu Jian Council.
   821 | D:3      | Reached skill level 5 in Stealth
   958 | D:3      | Found a transporter.
  1025 | D:4      | Found a basalt altar of Yredelemnul.
  1067 | D:5      | Entered Level 5 of the Dungeon
  1090 | D:5      | Learned a level 3 spell: Confuse
  1190 | D:6      | Noticed Menkaure
  1195 | D:6      | Killed Menkaure
  1195 | D:6      | Reached skill level 3 in Unarmed Combat
  1195 | D:6      | Reached skill level 5 in Hexes
  1195 | D:6      | Reached XP level 4. HP: 14/18 MP: 1/8
  1195 | D:6      | Reached XP level 5. HP: 16/21 MP: 1/9
  1277 | D:5      | Noticed a sky beast
  1334 | D:4      | HP: 1/21 [frilled lizard (2)]
  1369 | D:4      | Found a stormy altar of Qazlal.
  1370 | D:4      | Noticed a water elemental
  1370 | D:4      | Noticed an air elemental
  1370 | D:4      | Noticed a fire elemental
  1391 | D:4      | Learned a level 1 spell: Confusing Touch
  1429 | D:4      | Found an opulent altar of Gozag.
  1494 | D:4      | Got a clouded bronze ring
  1495 | D:4      | Identified the ring "Gamel" {rC+ SInv} (You found it on level 4 of the Dungeon)
  1665 | D:3      | Found a transporter.
  1696 | D:3      | Gained mutation: You are covered in thick fur. (AC +2) [Felid growth]
  1696 | D:3      | Reached XP level 6. HP: 16/24 MP: 1/11
  1698 | D:3      | Reached skill level 6 in Stealth
  1698 | D:3      | Reached skill level 4 in Unarmed Combat
  1909 | D:4      | Reached skill level 6 in Hexes
  1956 | D:4      | Found a sacrificial altar of Ru.
  1983 | D:5      | Reached skill level 3 in Spellcasting
  2067 | D:5      | Found a snail-covered altar of Cheibriados.
  2096 | D:5      | Became a worshipper of Cheibriados the Contemplative
  2132 | D:5      | HP: 1/24 [sky beast (3)]
  2132 | D:5      | Slain by a sky beast
  2133 | D:5      | Reached XP level 5. HP: -4/21 MP: 0/19
  2133 | D:5      | Quit the game

Skill      XL: |  1  2  3  4  5  6 |
---------------+-------------------+-----
Unarmed Combat | 2 3 4 |  4.4
Stealth        | 5 6 |  6.2
Hexes          | 5 6 |  6.1
Spellcasting   | 3 |  3.0
Dodging        | |  2.6

Action                   |  1- 3 |  4- 6 || total
-------------------------+-------+-------++-------
Melee: Unarmed           |    97 |    65 ||   162
       Bite              |     1 |     3 ||     4
 Cast: Corona            |    15 |    10 ||    25
       Ensorcelled Hiber |    22 |    25 ||    47
       Confuse           |     3 |     8 ||    11
Evoke: Wand              |       |     9 ||     9
  Use: Potion            |     1 |     3 ||     4
       Scroll            |     1 |     6 ||     7
 Stab: Sleeping          |    32 |    11 ||    43
       Confused          |       |     3 ||     3
  Eat: Chunk             |     7 |     2 ||     9
Armor: Skin              |     6 |     7 ||    13
Dodge: Dodged            |    58 |    72 ||   130
Block: Other             |     4 |    19 ||    23
       Reflection        |       |     1 ||     1

Table legend:
 A = Turns spent in this place as a percentage of turns spent in the entire game.
 B = Non-inter-level travel turns spent in this place as a percentage of non-inter-level travel turns spent in the entire game.
 C = Inter-level travel turns spent in this place as a percentage of turns spent in this place.
 D = Turns resting spent in this place as a percentage of non-inter-level travel turns spent in this place.
 E = Turns spent auto-exploring this place as a percentage of non-inter-level travel turns spent in this place.
 F = Non-inter-level travel turns spent in this place divided by the number of levels of this place that you've seen.
                   A       B       C       D       E      F
               +-------+-------+-------+-------+-------+----------------------
         Total | 100.0 | 100.0 |   1.8 |   0.0 |   0.0 | 349.0
       Dungeon | 100.0 | 100.0 |   1.8 |   0.0 |   0.0 | 349.0
               +-------+-------+-------+-------+-------+----------------------

Table legend:
 A = Kills in this place as a percentage of kills in entire the game.
 B = Kills by you in this place as a percentage of kills by you in the entire game.
 C = Kills by friends in this place as a percentage of kills by friends in the entire game.
 D = Other kills in this place as a percentage of other kills in the entire game.
 E = Experience gained in this place as a percentage of experience gained in the entire game.
 F = Experience gained in this place divided by the number of levels of this place that you have seen.
                   A       B       C       D       E      F
               +-------+-------+-------+-------+-------+----------------------
         Total | 100.0 | 100.0 |   N/A | 100.0 | 100.0 |  98.3
       Dungeon | 100.0 | 100.0 |   N/A | 100.0 | 100.0 |  98.3
               +-------+-------+-------+-------+-------+----------------------

Vault maps used:
D:1:      dpeg_arrival_rhombus, minmay_misc_feat_diagonals, kennysheep_doodads,
          minmay_small_reverse_x
D:2:      old_standard_altar, lemuel_crystal_altar,
          nicolae_overflow_hidden_temple, first_ration
D:3:      gammafunk_wand_slinger, grunt_ministairs_1, minmay_misc_feat_tower
D:4:      kennysheep_the_goblin_king, yredelemnul_altar_generic,
          nicolae_qazlal_style_of_elements, nicolae_overflow_crystal_walls,
          lemuel_temple_firewalk_a, hangedman_ru_absence
D:5:      lemuel_round_altar
D:6:      kennysheep_little_box, nicolae_tso_besieged_by_evil, uniq_grinder,
          uniq_menkaure
